Map: Thunderbird LE

Players

arctur - Winner!

  • Race: Protoss Protoss
  • League: Diamond
  • Spawn Location: 5:00

Woah

  • Race: Terran Terran
  • League: Platinum
  • Spawn Location: 11:00

VOD

Have the link to the VOD?

Description

Time

  • Played on: June 10, 2019, 10:08 a.m.
  • Length: 19:39
Show
View Real Time Build Order
Export as new Build Order

arctur Protoss - Winner!

Build Orders:  

Get SALT Encoding   

  1  0:00  Probe  
  13  0:07  Probe  
  14  0:18  Pylon  
  14  0:20  Probe  
  15  0:36  Probe  
  15  0:42  Gateway  
  16  0:50  Gateway  
  16  1:01  Probe  
  17  1:05  Assimilator  
  17  1:13  Probe  
  18  1:22  Probe  
  19  1:30  Probe  
  19  1:31  Cybernetics Core  
  19  1:39  Probe  
  20  1:41  Pylon  
  21  1:59  Adept  
  21  2:01  Pylon  
  21  2:05  Assimilator  
  21  2:08  Adept  
  25  2:30  Probe  
  25  2:37  Stargate  
  26  2:42  Probe  
  27  2:55  Pylon  
  27  2:56  Twilight Council  
  27  2:59  Gateway  
  27  3:33  Void Ray  
  31  3:41  Warp Gate  
  29  3:46  Pylon  
  27  3:56  Nexus  
  27  4:02  Stalker  
  27  4:04  Stalker  
  31  4:20  Void Ray  
  31  4:48  Shield Battery  
  31  4:51  Probe  
  31  4:52  Charge  
  32  4:58  Gateway  
  32  5:00  Gateway  
  32  5:03  Gateway  
  32  5:08  Probe  
  32  5:09  Probe  
  34  5:19  Phoenix  
  36  5:44  Void Ray  
  36  5:47  Zealot x2  
  44  6:02  Probe  
  38  6:04  Stalker  
  38  6:05  Stalker  
  38  6:06  Probe  
  44  6:19  Probe  
  44  6:20  Templar Archives  
  44  6:22  Probe  
  46  6:34  Probe  
  47  6:57  High Templar  
  49  7:01  Assimilator  
  49  7:02  Assimilator  
  49  7:07  Zealot  
  49  7:08  Zealot  
  53  7:09  Probe  
  53  7:12  Nexus  
  54  7:21  Zealot  
  54  7:22  Zealot  
  58  7:29  Psionic Storm, Probe  
  60  7:32  Pylon  
  59  7:49  Probe x2  
  59  7:58  Probe, Gateway  
  62  8:08  Forge x2  
  62  8:16  Probe  
  62  8:17  Probe  
  64  8:42  Probe  
  65  8:49  Zealot x5  
  65  8:51  Protoss Ground Weapons Level 1, Protoss Ground Armor Level 1  
  65  8:53  Probe x2  
  65  8:54  Probe  
  78  8:57  Pylon  
  78  9:01  Probe  
  79  9:12  High Templar x3  
  79  9:13  Probe  
  79  9:14  Probe  
  85  9:22  Pylon  
  85  9:23  High Templar  
  89  9:25  Pylon  
  89  9:29  Probe x2  
  91  9:31  Assimilator  
  91  9:37  Robotics Facility  
  91  9:42  Robotics Facility  
  91  9:48  Zealot x2  
  91  9:49  Zealot  
  97  9:55  Pylon  
  97  10:01  Zealot x2  
  101  10:16  Assimilator  
  101  10:22  Pylon  
  101  10:25  Probe x3, Pylon  
  104  10:32  Photon Cannon  
  104  10:34  Photon Cannon  
  104  10:37  Probe x2  
  104  10:38  Warp Prism  
  104  10:40  Observer  
  109  10:45  Robotics Bay  
  109  10:54  Protoss Ground Weapons Level 2  
  109  10:56  Protoss Ground Armor Level 2  
  109  11:01  Observer  
  73  11:26  Zealot x3  
  73  11:27  Zealot x4  
  73  11:28  Colossus  
  85  11:39  Nexus  
  91  11:53  Zealot  
  93  11:54  Zealot  
  93  11:56  Colossus  
  95  12:03  Observer  
  101  12:40  Pylon  
  101  12:41  Pylon  
  101  12:44  Pylon  
  101  12:46  Pylon  
  63  13:14  Colossus x2  
  75  13:29  Stalker x2  
  79  13:35  Extended Thermal Lance  
  79  13:58  Zealot  
  79  13:59  Zealot x2  
  79  14:00  Zealot x3  
  79  14:01  Zealot  
  93  14:08  Protoss Shields Level 1  
  93  14:11  Nexus  
  93  14:28  Stalker  
  93  14:29  Stalker x2, Gateway x2  
  99  14:31  Gateway  
  99  14:33  Stalker, Gateway  
  99  14:35  Gateway  
  101  14:42  Disruptor  
  104  14:48  Zealot x3  
  110  14:55  Pylon  
  110  14:59  Pylon  
  110  15:01  Assimilator  
  110  15:06  Stalker, Assimilator  
  112  15:07  Stalker  
  112  15:11  Stalker  
  116  15:18  High Templar  
  118  15:30  Probe x4  
  122  15:38  Zealot x2  
  122  15:39  Zealot x2  
  130  15:43  Stalker  
  130  15:49  Stalker  
  134  15:59  Protoss Ground Weapons Level 3  
  134  16:04  Zealot  
  136  16:19  Observer x2  
  136  16:21  Probe x4  
  142  16:32  Zealot x2  
  142  16:33  Probe x2  
  142  16:39  Protoss Ground Armor Level 3  
  148  16:43  Colossus  
  154  16:49  Warp Prism  
  156  16:59  High Templar x3  
  156  17:00  High Templar  
  127  17:52  Stalker x4  
  127  17:53  Stalker x2  
  127  17:54  Stalker  
  117  18:15  Stalker x2  
  117  18:16  Stalker x7  
  122  18:37  Zealot x3  
  122  18:39  Zealot x3  
  132  18:57  Stalker x2  
  132  18:58  Stalker x2  
  126  19:22  Zealot x3  
  126  19:23  Zealot x3  
  126  19:24  Zealot  
Show
View Real Time Build Order
Export as new Build Order

Woah Terran 

Build Orders: Gas First Reaper Expand 

Get SALT Encoding   

  12  0:01  SCV  
  13  0:13  SCV  
  14  0:17  Supply Depot  
  14  0:28  SCV, Refinery  
  15  0:44  SCV  
  16  0:50  Barracks  
  16  0:56  SCV  
  17  1:09  SCV  
  18  1:39  Orbital Command  
  18  1:40  Factory  
  19  1:49  Reaper  
  19  2:00  Command Center  
  19  2:07  Supply Depot  
  19  2:09  SCV  
  20  2:20  Refinery  
  20  2:26  Barracks Reactor  
  21  2:30  SCV  
  21  2:32  Factory Tech Lab  
  21  2:43  Barracks  
  21  3:03  Cyclone, Marine x2  
  25  3:31  Barracks Tech Lab  
  25  3:32  Marine  
  25  3:33  Marine  
  26  3:44  Orbital Command  
  26  3:45  SCV  
  27  3:55  Siege Tank  
  30  3:57  SCV  
  30  4:01  Starport  
  31  4:04  Marine x2  
  33  4:13  SCV x2  
  35  4:24  Combat Shield  
  35  4:25  SCV  
  34  4:54  Viking, Engineering Bay  
  34  4:57  Marine x3  
  39  5:03  Bunker  
  39  5:06  Engineering Bay  
  39  5:11  SCV x2, Supply Depot  
  39  5:13  Supply Depot  
  41  5:16  Cyclone  
  44  5:23  SCV x2  
  46  5:35  SCV x2  
  46  5:43  Missile Turret  
  46  5:44  Missile Turret  
  46  5:57  Missile Turret  
  46  6:05  Terran Infantry Weapons Level 1, SCV  
  46  6:06  SCV  
  48  6:18  SCV  
  49  6:29  Viking, Cyclone  
  49  6:32  Stimpack  
  54  6:34  SCV  
  55  6:40  Refinery  
  53  7:12  SCV  
  53  7:13  Marauder, Marine  
  53  7:14  Marine  
  58  7:31  Marine  
  61  7:40  SCV  
  61  7:41  Command Center  
  61  7:42  Terran Infantry Armor Level 1  
  62  7:54  Armory  
  62  7:56  SCV x2, Starport Reactor  
  62  8:01  Barracks  
  62  8:11  Supply Depot  
  62  8:12  Supply Depot  
  62  8:13  Supply Depot  
  62  8:32  Marine x3  
  62  8:33  SCV  
  66  8:44  Ghost Academy  
  66  8:50  Marine x2  
  66  8:52  Barracks  
  66  8:54  Barracks  
  68  8:55  Barracks  
  68  8:57  Barracks  
  68  9:03  Terran Infantry Weapons Level 2  
  68  9:06  Medivac x2  
  68  9:08  SCV  
  73  9:26  Siege Tank  
  73  9:27  Ghost  
  73  9:29  Marine x3  
  81  9:40  Orbital Command  
  81  9:42  SCV x2  
  83  9:47  Marine x3  
  86  9:52  Barracks Tech Lab  
  86  9:53  Barracks Reactor  
  86  9:54  SCV  
  86  9:55  SCV, Ghost  
  86  9:59  Medivac  
  92  10:04  Marine  
  92  10:06  SCV  
  94  10:07  Marine x4  
  94  10:10  Marine  
  99  10:22  Marine  
  99  10:25  Marine  
  101  10:28  Mag-Field Accelerator  
  101  11:15  Marine x3  
  101  11:16  Marine x2  
  101  11:17  Marine x2  
  101  11:18  Ghost  
  76  11:32  Marine x2  
  76  11:33  Ghost, Marine  
  76  11:35  Marine  
  80  11:44  Viking x2  
  86  11:47  Marauder  
  86  11:50  Marine  
  86  11:54  Refinery x2  
  87  11:55  Command Center  
  87  11:56  SCV x3  
  90  12:06  Missile Turret  
  90  12:07  Terran Infantry Weapons Level 3  
  90  12:08  SCV x3, Missile Turret  
  94  12:14  Terran Infantry Armor Level 2  
  93  12:20  SCV x3  
  93  12:22  Viking  
  98  12:32  SCV  
  78  13:01  Marauder, Marine  
  78  13:02  Marauder, Marine x4  
  73  13:13  Marine x2  
  73  13:19  Marine x2  
  74  13:20  Marine x3  
  74  13:23  Marauder, Barracks  
  74  13:24  Barracks  
  84  13:37  Ghost, Marine x2  
  84  13:38  Marine x2  
  88  13:42  Barracks Reactor  
  88  13:43  Barracks Reactor  
  88  13:44  Marauder  
  88  13:46  Barracks Reactor  
  88  14:05  Planetary Fortress  
  88  14:07  Ghost x2  
  88  14:08  Marine  
  88  14:09  Marine x3  
  96  14:14  Viking x2  
  100  14:20  Starport  
  100  14:22  Starport  
  100  14:24  Fusion Core  
  100  14:26  Marine  
  100  14:27  Marine x3  
  104  14:36  Marauder  
  104  14:37  Personal Cloaking  
  107  14:38  SCV x2  
  107  14:41  Barracks, Supply Depot  
  107  14:43  Supply Depot  
  107  14:45  Marine x2, Supply Depot  
  110  14:46  Marauder, Barracks, Supply Depot  
  110  14:51  Marine  
  113  14:57  Marine  
  113  14:58  Marauder  
  113  14:59  Barracks Reactor  
  116  15:02  Marine x2  
  120  15:07  Marauder  
  120  15:12  Refinery x2  
  120  15:19  Marauder  
  122  15:31  Command Center  
  122  15:39  Sensor Tower  
  122  15:47  Marauder x2, Marine x3  
  122  15:48  Marine x10  
  139  16:05  Marine  
  139  16:08  Marauder  
  134  16:25  Marauder, Marine x2  
  136  16:26  Marine x7  
  136  16:27  Marine x3  
  148  16:39  Starport Reactor, Starport Tech Lab  
  148  16:43  Viking x2, Marauder, Marine x4  
  148  16:44  Marine  
  159  17:13  Viking  
  99  17:32  Marauder, Marine  
  99  17:33  Marauder, Marine  
  99  17:34  Marine x11  
  97  17:50  Marine  
  97  17:51  Marine x3  
  89  17:52  Marine x5  
  89  17:53  Marauder  
  89  17:54  Marauder  
  89  17:56  Marine x3  
  89  17:57  Marine  
  90  18:08  Marine  
  90  18:09  Marine x3  
  82  18:15  Marauder x2  
  82  18:16  Viking x2  
  82  18:17  Viking  
  79  18:31  Marine  
  79  18:32  Marine  
  70  18:35  Marine x3  
  70  18:36  Marauder, Marine x2  
  70  18:37  Marine  
  70  18:38  Marine x3  
  75  18:46  Viking  
  81  18:49  Marine  
  81  18:52  Marine  
  82  18:56  Marine x3  
  82  18:57  Marine  
  82  18:58  Marauder  
  63  19:16  Marine x2  
  63  19:17  Marine x4  
Tags
 
Add a new tag
Caveats
  • Supply blocks, unpowered buildings, or Contaminate may cause inaccurate times.
  • Supply counts are checked every 10 seconds.